 Dungeon Crawl Stone Soup version 0.29-a0-817-g9904bce7a6 (webtiles) character file.

Game seed: 10335961389627640911

843 zishaf the Shooter (level 7, 0/93 HPs)
             Began as a Demigod Hunter on July 5, 2022.
             Slain by a gnoll sergeant
             ... wielding a +0 trident
              (4 damage)
             ... on level 5 of the Dungeon.
             The game lasted 00:06:52 (3162 turns).

zishaf the Shooter (Demigod Hunter)                 Turns: 3162, Time: 00:06:52

Health: 0/93       AC: 23    Str: 12    XL:     7   Next: 40%
Magic:  9/9        EV:  2    Int: 11    God:
Gold:   174        SH:  0    Dex: 25    Spells: 6/6 levels left

rFire   + . .      SeeInvis .   a - +1 shortbow
rCold   . . .      Faith    .   (shield currently unavailable)
rNeg    . . .      Spirit   .   (body armour currently unavailable)
rPois   +          Reflect  .   (helmet currently unavailable)
rElec   .          Harm     .   (cloak currently unavailable)
rCorr   .          Rampage  .   (gloves currently unavailable)
Will    +....      NoTele   +   (boots currently unavailable)
Stlth   ++........              (no amulet)
HPRegen 0.25/turn               e - ring of willpower
MPRegen 0.11/turn               t - ring of Rijoc {rF+ Slay+3}

@: mighty, tree-form
A: stationary, stasis, torment immunity, boosted hp, high MP 1, forlorn, divine
attributes
a: no special abilities


You were on level 5 of the Dungeon.
You were a tree.
You visited 1 branch of the dungeon, and saw 5 of its levels.

You collected 210 gold pieces.
You spent 36 gold pieces at shops.

Inventory:

Hand Weapons
 a - a +1 shortbow (weapon)
 u - a +2 rapier of holy wrath
Armour
 c - a +0 leather armour
 k - a +1 pair of boots (melded)
 q - a +0 helmet (melded)
 r - a +0 ring mail (melded)
Jewellery
 e - a ring of willpower (left branch)
 t - the ring of Rijoc (right branch) {rF+ Slay+3}
   (You found it on level 3 of the Dungeon)

   [ring of protection from fire]

   Slay:      It affects your accuracy & damage with ranged weapons and melee
   (+3).
   rF:        It protects you from fire.
Wands
 o - a wand of roots (9)
Scrolls
 b - a scroll of immolation
 h - a scroll of amnesia
 l - a scroll of enchant weapon
 p - 2 scrolls of enchant armour
Potions
 d - a potion of ambrosia
 f - 2 potions of might
 g - 2 potions of mutation
 j - a potion of resistance {unknown}
 m - 2 potions of curing
 n - a potion of invisibility {unknown}
 s - a potion of brilliance {unknown}
 v - a potion of attraction {unknown}
 w - a potion of degeneration {unknown}
 x - a potion of haste {unknown}


   Skills:
 + Level 5.8 Fighting
 + Level 6.7 Ranged Weapons
 - Level 1.7 Dodging
 - Level 0.8 Stealth


You had 6 spell levels left.
You didn't know any spells.
Your spell library contained the following spells:

 Spells                   Type           Power      Damage    Failure   Level
 Freeze                   Ice            0%         1d3       34%         1
 Conjure Flame            Conj/Fire      0%         6-21      71%         3
 Frozen Ramparts          Ice            0%         1d2       71%         3
 Gell's Gravitas          Tloc           0%         N/A       71%         3
 Ignite Poison            Fire/Tmut/Pois 0%         N/A       71%         3
 Teleport Other           Tloc           0%         N/A       71%         3
 Hailstorm                Conj/Ice       0%         3d3       98%         4
 Sticky Flame             Conj/Fire      0%         2d3       98%         4
 Dispersal                Tloc           0%         N/A       100%        6


Dungeon Overview and Level Annotations

Branches:
Dungeon (5/15)
 Temple: D:4-7

Shops:
D:1 *   D:4 *


Innate Abilities, Weirdness & Mutations

You are a tree.
Your roots penetrate the ground, keeping you stationary.
You cannot be teleported.
You are immune to unholy pain and torment.
Your maximum health is greatly increased.
Your equipment is partially melded.
You have an increased reservoir of magic. (+10% MP)
You shall have no god before yourself.
Your divine heritage dramatically boosts your attributes as you level up.


Message History

The hornet is moderately wounded.
The hornet stings you.
* * * LOW HITPOINT WARNING * * *
You feel as though you will be slow longer.
The gnoll sergeant hits you but does no damage.
The hornet barely misses you.
The gnoll sergeant hits you from afar with a +0 trident.
* * * LOW HITPOINT WARNING * * *
The hornet stings you.
* * * LOW HITPOINT WARNING * * *
You feel as though you will be slow longer.
You miss the hornet.
The hornet is moderately wounded.
The hornet stings you but does no damage.
The gnoll sergeant hits you but does no damage.
The hornet stings you but does no damage.
The gnoll sergeant hits you from afar with a +0 trident.
* * * LOW HITPOINT WARNING * * *
You puncture the hornet! You punch the hornet.
The hornet is almost dead.
The hornet stings you but does no damage. x2
The gnoll sergeant hits you from afar with a +0 trident.
* * * LOW HITPOINT WARNING * * *
The hornet stings you but does no damage.
The gnoll sergeant hits you from afar with a +0 trident!
* * * LOW HITPOINT WARNING * * *
You impale the hornet!!
You kill the hornet!
You feel yourself speed up.
The gnoll sergeant hits you but does no damage. x2
Your life force feels restored.
Your +2 rapier of holy wrath stops glowing.
a - a +1 shortbow (weapon)
Fire: a) +1 shortbow
Press: ? - help, Q - select action, (/) - cycle Shift-Dir - straight line, f - gnoll sergeant
Aim: a gnoll sergeant, wielding a +0 trident and wearing a +0 ring mail (77% to hit)
You shoot an arrow. The arrow hits the gnoll sergeant.
The gnoll sergeant is lightly wounded.
The gnoll sergeant hits you from afar with a +0 trident.
You die...

.# ####..###
###..#### ##....###
##.....##
##.....#####. #####
#####.........
##...##
##...##.######.
#.....#####.....#.#
#....†g)♣.......#.#
#.....#####.....#.#
##...##...##...##.#
##.##.....##.##..#
#.#...... #.##..#
#.'y..}.. #.'..##
#.#...... #.##.#
#.##..... #.##.#
... #...# ...###


You could see a gnoll sergeant.

Vanquished Creatures
  A hornet (D:5)
  A phantom (D:4)
  3 scorpions
  A hound (D:4)
  2 jellies (D:5)
  An orc priest (D:3)
  Terence (D:3)
  2 iguanas
  An orc wizard (D:3)
  Robin (D:4)
  6 adders
  A shadow imp (D:5)
  A white imp (D:5)
  A worm (D:3)
  3 dart slugs
  8 orcs
  A bat (D:1)
  9 endoplasms
  2 giant cockroaches
  15 goblins
  9 hobgoblins
  A quokka (D:4)
  2 ball pythons
  2 frilled lizards
  A hobgoblin zombie (D:5)
  7 kobolds
  2 kobold zombies (D:5)
  An orc zombie (D:5)
  9 rats
95 creatures vanquished.

Notes
Turn   | Place    | Note
-------+----------+-------------------------------------------
     0 | D:1      | zishaf the Demigod Hunter began the quest for the Orb.
     0 | D:1      | Reached XP level 1. HP: 17/17 MP: 3/3
   322 | D:1      | Found Eweatz's General Store.
   382 | D:1      | Reached XP level 2. HP: 24/24 MP: 4/4
   819 | D:2      | Reached skill level 4 in Ranged Weapons
   896 | D:2      | Reached XP level 3. HP: 30/30 MP: 5/5
   940 | D:2      | You fall into a shaft and drop 2 floors!
   947 | D:4      | Noticed a scorpion
   961 | D:4      | Found Woagured's General Store.
   969 | D:4      | Bought a potion of curing for 36 gold pieces
   974 | D:3      | Noticed Terence
   984 | D:3      | Killed Terence
  1205 | D:3      | Reached XP level 4. HP: 38/38 MP: 6/6
  1555 | D:3      | Identified the ring of Rijoc {rF+ Slay+3}
  1661 | D:3      | Reached XP level 5. HP: 43/46 MP: 7/7
  1714 | D:3      | Reached skill level 5 in Ranged Weapons
  2347 | D:4      | Noticed Robin
  2354 | D:4      | Killed Robin
  2431 | D:4      | Reached XP level 6. HP: 53/53 MP: 8/8
  2856 | D:5      | Entered Level 5 of the Dungeon
  2948 | D:5      | Reached skill level 5 in Fighting
  2948 | D:5      | Reached skill level 6 in Ranged Weapons
  3006 | D:5      | Reached XP level 7. HP: 44/61 MP: 9/9
  3140 | D:5      | Noticed a hornet
  3151 | D:5      | Paralysed by a hornet for 1 turns
  3159 | D:5      | HP: 3/87 [gnoll sergeant/+0 trident (8)]
  3160 | D:5      | Killed a hornet
  3162 | D:5      | Slain by a gnoll sergeant

Illustrated notes

Levels and vault maps discovered:
D:1:      sevenhm_arrival_forest_fort_large_4, layout_loops_ring, serial_shops,
          shop, minmay_liquid_box
D:2:      layout_basic, minmay_circled_x
D:3:      layout_basic, mainiacjoe_overflow_24_doors,
          dreamdust_ecumenical_altar_angels_and_demons, solitary_fountain,
          minivault_25, kennysheep_generic_room_14, uniq_terence
D:4:      layout_rooms, serial_shops, nicolae_stop_n_shop_1,
          nicolae_figureground_pulse, uniq_robin
D:5:      minmay_octagon_keep, layout_cave_pods, minmay_fountain_box,
          minmay_mini_ossuary, uniq_pikel

Skill      XL: |  1  2  3  4  5  6 |
---------------+-------------------+-----
Fighting       | 2 3 4 5 |  5.8
Ranged Weapons | 4 5 6 |  6.7
Dodging        | |  1.7
Stealth        | |  0.8

Action                   |  1- 3 |  4- 6 |  7- 9 || total
-------------------------+-------+-------+-------++-------
Melee: Rapier            |       |       |     5 ||     5
       Punch             |       |       |     2 ||     2
 Fire: Shortbow          |   100 |   133 |    13 ||   246
  Use: Scroll            |     1 |     8 |       ||     9
       Potion            |       |     1 |     2 ||     3
Armor: Leather armour    |     4 |       |       ||     4
       Ring mail         |     5 |    24 |     8 ||    37
       Skin              |       |       |    17 ||    17
Dodge: Dodged            |    23 |    27 |     9 ||    59

Table legend: (Time is in decaauts)
 A = Elapsed time spent in this place.
 B = Non-inter-level travel time spent in this place.
 C = Inter-level travel time spent in this place.
 D = Time resting spent in this place.
 E = Time spent auto-exploring this place.
 F = Levels seen in this place.
 G = Mean time per level.
                   A        B        C        D        E       F      G
               +--------+--------+--------+--------+--------+-----+--------+
         Total |   3259 |   3060 |    199 |    184 |   2255 |   5 |  651.8 |
       Dungeon |   3259 |   3060 |    199 |    184 |   2255 |   5 |  651.8 |
               +--------+--------+--------+--------+--------+-----+--------+

Top non-repeatable levels by time:
     D:3: 1054 daAuts
     D:1: 781 daAuts
     D:4: 596 daAuts
     D:2: 502 daAuts
     D:5: 325 daAuts
